 Dungeon Crawl Stone Soup version 0.29.1-15-g9cfb28693d (webtiles) character file.

Game seed: 18297860639894668648

194 DoomSlayer the Chopper (level 5, -2/47 HPs)
             Began as a Minotaur Berserker on Feb 28, 2023.
             Was a Believer of Trog.
             Slain by a scorpion (7 damage)
             ... on level 4 of the Dungeon.
             The game lasted 00:05:43 (1432 turns).

DoomSlayer the Chopper (Minotaur Berserker)         Turns: 1432, Time: 00:05:43

Health: -2/47      AC:  5    Str: 21    XL:     5   Next: 44%
Magic:  4/4        EV: 11    Int:  6    God:    Trog [**....]
Gold:   13         SH:  0    Dex: 10    Spells: 4/4 levels left

rFire   . . .      SeeInvis .   f - +0 war axe
rCold   . . .      Faith    .   (no shield)
rNeg    . . .      Spirit   .   d - +0 ring mail
rPois   .          Reflect  .   (helmet restricted)
rElec   .          Harm     .   (no cloak)
rCorr   .          Rampage  .   (no gloves)
Will    ++...                   (no boots)
Stlth   +.........              (no amulet)
HPRegen 1.15/turn               (no ring)
MPRegen 0.09/turn               (no ring)

@: lethally poisoned (-2 -> -9), strong-willed, regenerating
A: horns 2, retaliatory headbutt
a: Renounce Religion, Berserk, Trog's Hand


You were on level 4 of the Dungeon.
You worshipped Trog.
Trog was pleased with you.
You visited 1 branch of the dungeon, and saw 4 of its levels.

You collected 84 gold pieces.
You spent 71 gold pieces at shops.

Inventory:

Hand Weapons
 a - a +0 hand axe
 f - a +0 war axe (weapon)
Armour
 b - a +0 animal skin
 d - a +0 ring mail (worn)
Wands
 e - a wand of paralysis (2)
Scrolls
 c - 2 scrolls of poison {unknown}
 g - a scroll of teleportation {unknown}
 h - a scroll of blinking {unknown}
Potions
 j - a potion of attraction {unknown}


   Skills:
 * Level 4.7 Fighting
 * Level 5.3 Axes
 * Level 3.3 Armour
 * Level 3.0 Dodging
 * Level 1.4 Stealth
 * Level 0.3 Evocations


You had 4 spell levels left.
You didn't know any spells.
Your spell library was empty.

Dungeon Overview and Level Annotations

Branches:
Dungeon (4/15)
 Temple: D:4-7

Altars:

Shops:
D:3 =!(


Innate Abilities, Weirdness & Mutations

You have a pair of horns on your head.
You reflexively headbutt those who attack you in melee.


Message History

Trog accepts your kill.
You see here a dart slug corpse.
You start resting.
A scorpion comes into view.
You feel better.
Found 4 gold pieces.
Aiming: Paralyse
Press: ? - help, Shift-Dir - straight line, f - scorpion
Aim: a scorpion (chance to affect: 50%)
The scorpion resists with some effort.
Aiming: Paralyse
Press: ? - help, Shift-Dir - straight line, f/p - scorpion
Aim: a scorpion (chance to affect: 50%)
The scorpion resists with some effort.
The scorpion stings you.
You are poisoned.
The scorpion poisons you!
Unknown command.
You feel better. The scorpion closely misses you.
You barely miss the scorpion. The scorpion stings you.
You are poisoned.
The scorpion poisons you! The scorpion stings you.
You are lethally poisoned!
The scorpion poisons you!
You hit the scorpion. Your headbutt misses the scorpion.
The scorpion is lightly wounded.
You feel extremely sick.
The scorpion stings you but does no damage.
Your skin crawls.
You feel strong-willed.
You feel very sick. The scorpion stings you.
* * * LOW HITPOINT WARNING * * *
You are lethally poisoned!
The scorpion poisons you! The scorpion closely misses you.
You hit the scorpion. Your headbutt misses the scorpion.
The scorpion is moderately wounded.
* * * LOW HITPOINT WARNING * * *
You feel very sick. The scorpion stings you!
You die...

#..... .... ....
#..... .... .
....##....# #.. .$
..........###.. ...
#.......... #.###....
#..... ..<###........
......###.#.#........
.......#..†..@s......
##.......##.........
.#........##....#....
..........#....## ...
..#...........## .
.#......##.)..###
##.....###...#.#
#........#.....
##..#...........


You could see a scorpion.

Vanquished Creatures
  A howler monkey (D:4)
  An orc wizard (D:3)
  Ijyb (D:3)
  4 adders
  3 dart slugs
  7 orcs (D:3)
  2 ball pythons
  A bat skeleton (D:2)
  A bat zombie (D:2)
  3 endoplasms
  A giant cockroach (D:1)
  4 goblins (D:3)
  5 hobgoblins
  2 jackals (D:3)
  6 kobolds
  4 quokkas
  2 ball python zombies (D:2)
  7 bats
  A quokka zombie (D:2)
  3 rats (D:3)
59 creatures vanquished.

Vanquished Creatures (others)
  A withered plant (D:2)
1 creature vanquished.

Grand Total: 60 creatures vanquished

Notes
Turn   | Place    | Note
-------+----------+-------------------------------------------
     0 | D:1      | DoomSlayer the Minotaur Berserker began the quest for the
                  | Orb.
     0 | D:1      | Reached XP level 1. HP: 19/19 MP: 0/0
   214 | D:1      | Reached skill level 4 in Axes
   214 | D:1      | Reached XP level 2. HP: 27/27 MP: 1/1
   352 | D:2      | Reached XP level 3. HP: 15/33 MP: 2/2
   686 | D:3      | Reached ** piety under Trog
   716 | D:3      | Reached XP level 4. HP: 11/41 MP: 3/3
   717 | D:3      | Reached skill level 1 in Stealth
  1029 | D:3      | Found Xaofep's Weapon Emporium.
  1055 | D:3      | Bought a +0 war axe for 38 gold pieces
  1161 | D:3      | Noticed Ijyb
  1169 | D:3      | Killed Ijyb
  1170 | D:3      | Reached skill level 5 in Axes
  1207 | D:3      | Found Inem's Jewellery Emporium.
  1213 | D:3      | Found Xacrer's Distillery.
  1248 | D:3      | Bought a potion of curing for 33 gold pieces
  1292 | D:3      | Reached XP level 5. HP: 47/47 MP: 4/4
  1432 | D:4      | Slain by a scorpion

Illustrated notes

Levels and vault maps discovered:
D:1:      scummos_arrival_simple_crosswalls, layout_loops_corners,
          shapermc_ecumenical_altar_petra, grunt_decor_clamped
D:2:      layout_basic, serial_undead, serial_undead_d, serial_undead_e,
          serial_undead_b, serial_undead_d, serial_undead_f, serial_undead_c,
          serial_undead_a, uniq_natasha
D:3:      layout_rooms, serial_shops, nicolae_shop_trees, shop,
          nicolae_shop_bloodbath_and_beyond, minmay_misc_feat_alley,
          chequers_serial_rivers_micro_b, minmay_goblin_outpost, uniq_ijyb
D:4:      layout_cave_pools

Skill      XL: |  1  2  3  4  5 |
---------------+----------------+-----
Axes           | 4 5 |  5.3
Fighting       | 4 |  4.7
Stealth        | 1 |  1.4
Armour         | 3 |  3.3
Dodging        | 3 |  3.0
Evocations     | |  0.3

Action                   |  1- 3 |  4- 6 || total
-------------------------+-------+-------++-------
Melee: Hand axe          |    67 |    13 ||    80
       Headbutt          |    10 |     6 ||    16
       War axe           |       |    45 ||    45
Invok: Berserk           |     1 |       ||     1
       Trog's Hand       |       |     1 ||     1
Evoke: Wand              |       |     2 ||     2
  Use: Scroll            |     2 |       ||     2
       Potion            |       |     3 ||     3
Armor: Ring mail         |    49 |    24 ||    73
Dodge: Dodged            |    50 |    47 ||    97
